[Event "December 12 Early 2023"]
[Site "https://www.chess.com"]
[Date "2023.12.12"]
[Round "9"]
[White "Andreikin, Dmitry"]
[Black "Sarana, Alexey"]
[Result "1/2-1/2"]
[Board "2"]
[TimeControl "180+1"]
[WhiteFideId "4158814"]
[BlackFideId "24133795"]
[WhiteElo "3101"]
[BlackElo "3037"]
[WhiteTeam "FID"]
[BlackTeam "SRB"]
[WhiteClock "0:00:05"]
[BlackClock "0:00:08"]

1. d4 Nf6 2. c4 e6 3. Nf3 d5 4. Bg5 Bb4+ 5. Nc3 dxc4 6. e4 c5 7. Bxc4 cxd4 8. Nxd4 Bxc3+ 9. bxc3 Qa5 10. Nb5 Nxe4 11. Qd4 O-O 12. Qxe4 a6 13. Bd3 f5 14. Qe2 axb5 15. O-O Nc6 16. Bxb5 f4 17. f3 Qxc3 18. Rac1 Qb4 19. Bxc6 bxc6 20. Rxc6 Qd4+ 21. Qf2 Qd7 22. Rfc1 h6 23. Rc7 Qd5 24. R7c5 Qd6 25. Bh4 Bb7 26. Qb2 Bd5 27. Rc7 Rf7 28. Rxf7 Kxf7 29. Rd1 Qc7 30. Ra1 Rb8 31. Qd2 g5 32. Bf2 Qc4 33. h3 Rc8 34. a4 Qc2 35. Qxc2 Rxc2 36. a5 h5 37. a6 Kg6 38. a7 Ba8 39. Rb1 Ra2 40. Rb8 Bd5 41. Rb1 Kf5 42. Rb8 g4 43. hxg4+ hxg4 44. Rf8+ Ke5 45. fxg4 Ra1+ 46. Kh2 Ra2 47. Kg1 Ra1+ 48. Kh2 Ra2 49. Kg1 1/2-1/2

[Event "December 12 Early 2023"]
[Site "https://www.chess.com"]
[Date "2023.12.12"]
[Round "9"]
[White "Le, Tuan Minh"]
[Black "Matinian, Nikita"]
[Result "1-0"]
[Board "3"]
[TimeControl "180+1"]
[WhiteFideId "12401153"]
[BlackFideId "24129100"]
[WhiteElo "3082"]
[BlackElo "2782"]
[WhiteTeam "VIE"]
[BlackTeam "FID"]
[WhiteClock "0:01:34"]
[BlackClock "0:00:20"]

1. d4 Nf6 2. c4 g6 3. Nf3 Bg7 4. g3 d6 5. Bg2 O-O 6. O-O c6 7. Nc3 Bf5 8. Re1 Ne4 9. Qb3 Qb6 10. Nh4 Nxc3 11. bxc3 Bc8 12. Ba3 Re8 13. e4 Nd7 14. Nf3 c5 15. e5 dxe5 16. dxe5 e6 17. Rad1 Qc7 18. Re3 Nxe5 19. Nxe5 Bxe5 20. Qb5 Rf8 21. Qxc5 Qxc5 22. Bxc5 Bc7 23. Bxf8 Kxf8 24. c5 Rb8 25. c4 Ke7 26. Ra3 a5 27. Rb1 b6 28. Rab3 a4 29. Rb4 1-0

[Event "December 12 Early 2023"]
[Site "https://www.chess.com"]
[Date "2023.12.12"]
[Round "9"]
[White "Vokhidov, Shamsiddin"]
[Black "Aronian, Levon"]
[Result "0-1"]
[Board "4"]
[TimeControl "180+1"]
[WhiteFideId "14204223"]
[BlackFideId "13300474"]
[WhiteElo "3019"]
[BlackElo "3118"]
[WhiteTeam "UZB"]
[BlackTeam "USA"]
[WhiteClock "0:01:14"]
[BlackClock "0:02:07"]

1. e4 c5 2. Nf3 e6 3. c3 Nf6 4. e5 Nd5 5. a3 Nc6 6. d4 cxd4 7. cxd4 d6 8. Bd3 dxe5 9. dxe5 Qc7 10. Qe2 Nd4 11. Nxd4 Qxc1+ 12. Qd1 Qxb2 13. Nc2 Qxe5+ 14. Kf1 Bd7 15. Nd2 Rc8 16. Nf3 Qf6 17. Qe1 Bd6 18. g3 Qxf3 0-1

[Event "December 12 Early 2023"]
[Site "https://www.chess.com"]
[Date "2023.12.12"]
[Round "9"]
[White "Duda, Jan-Krzysztof"]
[Black "Sychev, Klementy"]
[Result "1-0"]
[Board "5"]
[TimeControl "180+1"]
[WhiteFideId "1170546"]
[BlackFideId "4114060"]
[WhiteElo "3054"]
[BlackElo "2943"]
[WhiteTeam "POL"]
[BlackTeam "FID"]
[WhiteClock "0:00:03"]
[BlackClock "0:00:00"]

1. e4 d5 2. exd5 Qxd5 3. Nc3 Qa5 4. d4 Nf6 5. Bc4 Bg4 6. f3 Bd7 7. Ne2 Nc6 8. Bd2 O-O-O 9. Nd5 Qa4 10. Ne3 e5 11. d5 Nd4 12. a3 Be8 13. b3 Qd7 14. O-O Bc5 15. Kh1 h5 16. b4 Bd6 17. Ng3 h4 18. Ne4 Nh5 19. Nxd6+ Qxd6 20. c3 Ng3+ 21. Kg1 Qb6 22. cxd4 exd4 23. Ng4 f5 24. Nf2 Nxf1 25. Qxf1 Bf7 26. Qd3 g6 27. Bg5 Rd7 28. Re1 Bxd5 29. Bxd5 Rxd5 30. h3 a6 31. Qc4 Qb5 32. Qxb5 Rxb5 33. Nd3 a5 34. Bf6 Rf8 35. Bxh4 axb4 36. axb4 b6 37. Rc1 Kb7 38. Bg3 Rf7 39. Rc4 Rd5 40. h4 Re7 41. Bf4 Re2 42. Rxc7+ Ka6 43. Bg5 Ra2 44. Rc6 Kb5 45. Rxg6 Kc4 46. Nf4 Rb5 47. Rc6+ Kb3 48. h5 Ra1+ 49. Kh2 Rxb4 50. h6 Ra7 51. Bf6 b5 52. Rd6 d3 53. Nxd3 1-0

[Event "December 12 Early 2023"]
[Site "https://www.chess.com"]
[Date "2023.12.12"]
[Round "9"]
[White "Fedoseev, Vladimir"]
[Black "Xu, Yi"]
[Result "1-0"]
[Board "6"]
[TimeControl "180+1"]
[WhiteFideId "24130737"]
[BlackFideId "8605564"]
[WhiteElo "3052"]
[BlackElo "2880"]
[WhiteTeam "SLO"]
[BlackTeam "CHN"]
[WhiteClock "0:00:13"]
[BlackClock "0:00:00"]

1. e4 e5 2. Nf3 Nf6 3. Nxe5 d6 4. Nd3 Nxe4 5. Nf4 Nf6 6. d4 d5 7. Bd3 Bd6 8. O-O O-O 9. h3 c6 10. Qf3 Re8 11. Be3 Nbd7 12. Nd2 Nf8 13. Rfe1 Bd7 14. a4 Ng6 15. Nh5 Ne4 16. Bxe4 dxe4 17. Nxe4 Nh4 18. Nef6+ Kh8 19. Qd1 gxf6 20. g3 Nf5 21. Qf3 Nxe3 22. Rxe3 Rxe3 23. Qxe3 Qf8 24. Nxf6 Be6 25. Nh5 Re8 26. Qg5 Be7 27. Qe5+ Kg8 28. Re1 Qh6 29. c4 Qg5 30. Qe2 Bf8 31. Qf3 Bg7 32. h4 Qg6 33. Nf4 Qf5 34. Qb3 Bd7 35. Rxe8+ Bxe8 36. Qxb7 Bxd4 37. Qb8 Qe4 38. Nh3 Qe1+ 39. Kg2 Qe4+ 40. Kh2 Bc5 41. b4 Bf8 42. b5 Bd7 43. Qxa7 Bxh3 44. Kxh3 Qh1+ 45. Kg4 Qe4+ 46. Kh3 Qh1+ 47. Kg4 Qe4+ 48. f4 Qe2+ 49. Kh3 Qf1+ 50. Kh2 Qf2+ 51. Qxf2 1-0

[Event "December 12 Early 2023"]
[Site "https://www.chess.com"]
[Date "2023.12.12"]
[Round "9"]
[White "Xiong, Jeffery"]
[Black "Lagarde, Maxime"]
[Result "1-0"]
[Board "7"]
[TimeControl "180+1"]
[WhiteFideId "2047640"]
[BlackFideId "662399"]
[WhiteElo "3046"]
[BlackElo "2808"]
[WhiteTeam "USA"]
[BlackTeam "FRA"]
[WhiteClock "0:01:10"]
[BlackClock "0:00:00"]

1. Nf3 Nc6 2. e4 e5 3. Nc3 Nf6 4. d4 exd4 5. Nxd4 Bc5 6. Be3 Bb4 7. Nxc6 bxc6 8. Bd3 d6 9. O-O Ng4 10. Bd2 Qh4 11. h3 Ne5 12. Be2 h5 13. Qc1 f6 14. f4 Bc5+ 15. Be3 Bxe3+ 16. Qxe3 Nf7 17. Bc4 Kf8 18. Ne2 Rh6 19. Nd4 Rg6 20. Kh2 d5 21. Nf5 Bxf5 22. exf5 Re8 23. Qf3 Rg5 24. Bd3 1-0

[Event "December 12 Early 2023"]
[Site "https://www.chess.com"]
[Date "2023.12.12"]
[Round "9"]
[White "Paravyan, David"]
[Black "Tologon tegin, Semetei"]
[Result "1-0"]
[Board "8"]
[TimeControl "180+1"]
[WhiteFideId "4194985"]
[BlackFideId "13800574"]
[WhiteElo "3027"]
[BlackElo "2668"]
[WhiteTeam "FID"]
[BlackTeam "KGZ"]
[WhiteClock "0:00:17"]
[BlackClock "0:00:00"]

1. e4 c5 2. Nf3 Nc6 3. Nc3 e6 4. d4 cxd4 5. Nxd4 Qc7 6. Nxc6 bxc6 7. Bd3 d5 8. Qe2 Nf6 9. exd5 cxd5 10. Nb5 Qb8 11. g3 Bd6 12. Nxd6+ Qxd6 13. Bf4 Qe7 14. O-O-O O-O 15. g4 Bb7 16. f3 Rfe8 17. Rhe1 Nd7 18. Kb1 Nc5 19. Bb5 Rec8 20. Qe5 Qd8 21. Be3 Ba6 22. Bxa6 Nxa6 23. Bd4 Qf8 24. f4 Nb4 25. f5 Nc6 26. Qf4 Nxd4 27. Qxd4 Rc4 28. Qe5 Re8 29. g5 Qc5 30. c3 Qb5 31. Rxd5 Qb6 32. Rd6 Qb8 33. fxe6 fxe6 34. Rxe6 Qxe5 35. Rxe8+ Qxe8 36. Rxe8+ Kf7 37. Ra8 Rc7 38. Rd8 Kg6 39. Rd5 Kh5 40. Kc2 Kg4 41. b4 Kh3 42. Kb3 Kxh2 43. c4 Kg3 44. c5 Kg4 45. b5 h5 46. gxh6 gxh6 47. c6 h5 48. Rd7 Rc8 49. Rxa7 h4 50. Rg7+ Kf3 51. Rh7 Kg3 52. a4 h3 53. Kb4 Kg2 54. a5 h2 55. a6 h1=Q 56. Rxh1 Kxh1 57. a7 Kg2 58. Kc5 Kf3 59. b6 Ke4 60. b7 Rh8 61. Kb6 Kd5 62. a8=Q Rxa8 63. bxa8=Q Kd6 64. Qd8+ 1-0

[Event "December 12 Early 2023"]
[Site "https://www.chess.com"]
[Date "2023.12.12"]
[Round "9"]
[White "Pranav, V"]
[Black "Shankland, Sam"]
[Result "1-0"]
[Board "9"]
[TimeControl "180+1"]
[WhiteFideId "25060783"]
[BlackFideId "2004887"]
[WhiteElo "3052"]
[BlackElo "2936"]
[WhiteTeam "IND"]
[BlackTeam "USA"]
[WhiteClock "0:00:04"]
[BlackClock "0:00:37"]

1. e4 c5 2. Nf3 d6 3. d4 cxd4 4. Nxd4 Nf6 5. Nc3 Nc6 6. Bg5 e6 7. Qd2 a6 8. O-O-O Bd7 9. Rg1 Be7 10. g4 Nxd4 11. Qxd4 h5 12. h3 hxg4 13. hxg4 Rc8 14. f4 Bc6 15. Be2 Qa5 16. Rh1 Rxh1 17. Rxh1 Kd7 18. Bf3 b5 19. a3 Bb7 20. Bxf6 gxf6 21. Be2 Qc7 22. Rh7 Ke8 23. g5 Qc5 24. Qxc5 Rxc5 25. gxf6 Bxf6 26. Bh5 Rc7 27. f5 Bxc3 28. bxc3 exf5 29. exf5 Be4 30. Rh6 Rxc3 31. Re6+ Kf8 32. Rxe4 Rc5 33. Bg4 Kg7 34. Rd4 Kf6 35. Rxd6+ Kg5 36. Bf3 Rc3 37. Rd3 Rxd3 38. cxd3 Kxf5 39. Bb7 a5 40. Bc6 b4 41. axb4 axb4 42. Kc2 Ke5 43. Kb3 f5 44. Kc4 f4 45. Bf3 b3 46. Kxb3 Kd4 47. Kc2 Ke3 48. Bg4 f3 49. Bxf3 Kxf3 50. Kc3 Kf4 51. Kc4 1-0

[Event "December 12 Early 2023"]
[Site "https://www.chess.com"]
[Date "2023.12.12"]
[Round "9"]
[White "Zemlyanskii, Ivan"]
[Black "Alexandre, Anne Shopie Elizabeth"]
[Result "0-1"]
[Board "10"]
[TimeControl "180+1"]
[WhiteFideId "24249971"]
[BlackFideId "11902418"]
[WhiteElo "3032"]
[BlackElo "2802"]
[WhiteTeam "RUS"]
[BlackTeam "HAI"]
[WhiteClock "0:00:00"]
[BlackClock "0:00:47"]

1. d4 Nf6 2. c4 e6 3. Bf4 b6 4. Nc3 Bb4 5. Qc2 Bb7 6. e3 Nh5 7. Bg3 Nc6 8. Ne2 Nxg3 9. hxg3 h6 10. a3 Bxc3+ 11. Nxc3 Ne7 12. g4 Ng6 13. f4 Qe7 14. O-O-O O-O-O 15. Bd3 Nf8 16. e4 d6 17. Rhf1 Nd7 18. b4 g5 19. f5 Kb8 20. Kb2 h5 21. fxe6 fxe6 22. Be2 hxg4 23. Bxg4 Nf6 24. Be2 Rh2 25. Bd3 Nh5 26. Rf2 Nf4 27. g3 Rxf2 28. Qxf2 Nxd3+ 29. Rxd3 Rf8 30. Rf3 Rxf3 31. Qxf3 Bc6 32. Qe3 Qf6 33. Kb3 Kc8 34. e5 dxe5 35. Qxe5 Qxe5 36. dxe5 Kd7 37. Kc2 Ke7 38. Kd3 a6 39. Ne2 Kf7 40. Nd4 Bb7 41. c5 Bd5 42. Nc2 Kg6 43. cxb6 cxb6 44. Ne3 Bc6 45. Kc4 Kh5 46. Kb3 Bb7 47. a4 a5 48. b5 Bf3 49. Nc4 Bd5 50. Kc3 Bxc4 51. Kxc4 Kg4 52. Kd4 Kxg3 53. Ke4 g4 0-1

[Event "December 12 Early 2023"]
[Site "https://www.chess.com"]
[Date "2023.12.12"]
[Round "9"]
[White "Drygalov, Sergey"]
[Black "Mamedov, Edgar"]
[Result "1-0"]
[Board "11"]
[TimeControl "180+1"]
[WhiteFideId "24171743"]
[BlackFideId "13739980"]
[WhiteElo "3001"]
[BlackElo "2797"]
[WhiteTeam "RUS"]
[BlackTeam "KAZ"]
[WhiteClock "0:02:17"]
[BlackClock "0:00:00"]

1. d4 d5 2. c4 e6 3. Nf3 Nf6 4. Nc3 c6 5. e3 Nbd7 6. Qc2 Bd6 7. Bd3 O-O 8. O-O dxc4 9. Bxc4 b5 10. Be2 a6 11. Ng5 Qc7 12. e4 h6 13. e5 hxg5 14. exd6 Qxd6 15. Bxg5 Qxd4 16. Rad1 Qe5 17. Bh4 Nc5 18. Bg3 Qg5 19. Bd6 Bb7 20. f4 Qh6 21. Bxc5 Rfe8 22. Ne4 Nd5 23. Nd6 Re7 24. Bf3 Nxf4 25. Nxb7 Rxb7 26. Bxc6 Rc7 27. Bxa8 Qg5 28. b4 a5 29. Qd2 1-0

[Event "December 12 Early 2023"]
[Site "https://www.chess.com"]
[Date "2023.12.12"]
[Round "9"]
[White "Lysyj, Igor"]
[Black "Zhigalko, Sergei"]
[Result "0-1"]
[Board "12"]
[TimeControl "180+1"]
[WhiteFideId "4150120"]
[BlackFideId "13502956"]
[WhiteElo "2820"]
[BlackElo "2949"]
[WhiteTeam "FID"]
[BlackTeam "BLR"]
[WhiteClock "0:00:00"]
[BlackClock "0:00:07"]

1. d4 Nf6 2. c4 e6 3. Nc3 Bb4 4. e3 O-O 5. Bd3 d5 6. a3 Bxc3+ 7. bxc3 c5 8. cxd5 exd5 9. Ne2 Nc6 10. O-O Bg4 11. f3 Bh5 12. Nf4 Bg6 13. Nxg6 hxg6 14. Bd2 Re8 15. a4 Rc8 16. Qb1 Na5 17. Qb5 b6 18. Rac1 Qd6 19. Rfe1 Re7 20. Qb1 Qd8 21. Ba6 Rcc7 22. Re2 Qe8 23. Bb5 Qc8 24. Rd1 c4 25. e4 a6 26. e5 axb5 27. Qxb5 Qb7 28. Bf4 Rc8 29. Rde1 Ne8 30. e6 f6 31. Qb1 f5 32. Bg5 Nf6 33. Re5 Rce8 34. Qb5 Nc6 35. R5e2 Na7 36. Qb4 Qc6 37. Re5 Rxe6 38. h4 Rxe5 39. dxe5 Nh7 40. Bd2 Nc8 41. a5 bxa5 42. Qxa5 Nf8 43. Be3 Rxe5 0-1

[Event "December 12 Early 2023"]
[Site "https://www.chess.com"]
[Date "2023.12.12"]
[Round "9"]
[White "Zakhartsov, Vladimir"]
[Black "Haug, Havard"]
[Result "1-0"]
[Board "13"]
[TimeControl "180+1"]
[WhiteFideId "4145097"]
[BlackFideId "1547887"]
[WhiteElo "2926"]
[BlackElo "2766"]
[WhiteTeam "RUS"]
[BlackTeam "NOR"]
[WhiteClock "0:00:05"]
[BlackClock "0:00:00"]

1. d4 d5 2. c4 e6 3. Nf3 c5 4. cxd5 exd5 5. Nc3 Nf6 6. Bg5 Be6 7. e3 c4 8. Be2 Be7 9. O-O O-O 10. b3 Qa5 11. Rc1 h6 12. Bxf6 Bxf6 13. bxc4 dxc4 14. Ne4 Be7 15. Bxc4 Bxc4 16. Rxc4 Qxa2 17. Rc7 Bd8 18. Rxb7 Qd5 19. Qb1 Bb6 20. Nc5 Bxc5 21. dxc5 Qxc5 22. Rc1 Qa5 23. Nd4 Qh5 24. h3 a5 25. Nf5 Na6 26. Qb5 Kh8 27. Qxa5 Nc7 28. Qe5 Ne6 29. Re7 Qg6 30. Nd6 Ng5 31. Kh2 Ra2 32. Rf1 Ra6 33. Nf5 Qf6 34. Qxf6 Rxf6 35. g4 g6 36. Nd4 Nf3+ 37. Nxf3 Rxf3 38. Kg2 Rf6 39. Rd1 Kg7 40. Rdd7 Rb8 41. Rd2 Rbb6 42. Red7 g5 43. Kg3 Rb3 44. h4 Rb1 45. Rd1 Rb2 46. hxg5 Rfxf2 47. gxh6+ Kxh6 48. R7d6+ Kg7 49. Rg1 Rfe2 50. Rd3 Rb6 51. Rf1 Re6 52. Kf3 Rb2 53. Rd4 Rb3 54. Re1 Rb2 55. Rf4 Rh6 56. g5 Rh3+ 57. Kg4 Rhh2 58. Ref1 Rbg2+ 59. Kf5 Rh5 60. Ke4 Rhxg5 61. Rxf7+ Kg6 62. R1f6+ Kh5 63. Rh7+ Kg4 64. Rf4+ Kg3 65. Rf3+ Kg4 66. Rhf7 Ra2 67. R7f4+ Kh5 68. Rf5 Ra4+ 69. Kd3 Rxf5 70. Rxf5+ Kg6 71. e4 Rb4 72. Ke3 Ra4 73. Rf1 Rb4 74. Kd3 Ra4 75. Rf2 Ra8 76. e5 1-0

[Event "December 12 Early 2023"]
[Site "https://www.chess.com"]
[Date "2023.12.12"]
[Round "9"]
[White "Weetik, Vjacheslav"]
[Black "Indjic, Aleksandar"]
[Result "1-0"]
[Board "14"]
[TimeControl "180+1"]
[WhiteFideId "4153472"]
[BlackFideId "911925"]
[WhiteElo "2774"]
[BlackElo "2915"]
[WhiteTeam "RUS"]
[BlackTeam "SRB"]
[WhiteClock "0:00:04"]
[BlackClock "0:00:05"]

1. d4 Nf6 2. Bf4 d6 3. Nf3 Nbd7 4. c4 Nh5 5. Bc1 e5 6. Nc3 g6 7. g3 Bg7 8. Bg2 O-O 9. O-O f5 10. Bg5 Bf6 11. Bxf6 Nhxf6 12. dxe5 dxe5 13. e4 f4 14. gxf4 exf4 15. e5 Nh5 16. Qd5+ Kh8 17. e6 Ndf6 18. Qe5 Qe7 19. Nd5 Qxe6 20. Qxe6 Bxe6 21. Nxc7 Bxc4 22. Rfc1 Bd5 23. Nxa8 Rxa8 24. Rc7 Re8 25. Rac1 Bc6 26. Ng5 f3 27. Bxf3 Nf4 28. Bxc6 bxc6 29. Kf1 Ng4 30. Rxh7+ Kg8 31. Rh4 Nd3 32. Rxc6 Re1+ 33. Kg2 Nge5 34. Rc8+ Kg7 35. Rc7+ Kf6 36. Nf3 Nxf3 37. Kxf3 Ne5+ 38. Kg2 g5 39. Ra4 Re2 40. h3 Nd3 41. Rcxa7 Rxf2+ 42. Kg3 Re2 43. R7a6+ Kf5 44. R4a5+ Ne5 45. Rb6 Re3+ 46. Kg2 Kf4 47. Rf6+ Ke4 48. Re6 Re2+ 49. Kf1 Kf3 50. Raxe5 Rf2+ 51. Ke1 Rxb2 52. Rxg5 Kf4 53. Rge5 1-0

[Event "December 12 Early 2023"]
[Site "https://www.chess.com"]
[Date "2023.12.12"]
[Round "9"]
[White "Novozhilov, Semen"]
[Black "Ashraf, Artin"]
[Result "1-0"]
[Board "15"]
[TimeControl "180+1"]
[WhiteFideId "24289167"]
[BlackFideId "22514805"]
[WhiteElo "2764"]
[BlackElo "2909"]
[WhiteTeam "RUS"]
[BlackTeam "IRI"]
[WhiteClock "0:01:05"]
[BlackClock "0:00:00"]

1. d4 Nf6 2. Nf3 e6 3. e3 c5 4. Bd3 b6 5. O-O Bb7 6. b3 Nc6 7. Bb2 Rc8 8. c4 cxd4 9. exd4 d5 10. Nc3 Be7 11. Rc1 O-O 12. Qe2 Re8 13. Rfd1 Bf8 14. h3 g6 15. Qe3 Bg7 16. Na4 Ba6 17. Ne5 dxc4 18. bxc4 Nd7 19. Nxc6 Rxc6 20. Qf3 Rc7 21. Ba3 Bb7 22. Qg3 Nf6 23. Bd6 Rd7 24. c5 Nh5 25. Qe3 Bc6 26. Nc3 Rxd6 27. cxd6 Qxd6 28. Bb5 Bxb5 29. Nxb5 Qb4 30. Nc7 Rd8 31. d5 e5 32. a3 Qe7 33. Nb5 Nf4 34. g3 Nxd5 35. Qb3 Nf6 36. Rc7 Rxd1+ 37. Qxd1 Qe6 38. Qd8+ Bf8 39. Rc8 Nd7 40. g4 Kg7 41. Nc7 Qd6 42. Ne8+ 1-0

[Event "December 12 Early 2023"]
[Site "https://www.chess.com"]
[Date "2023.12.12"]
[Round "9"]
[White "DHLT216"]
[Black "Harsha Bharathakoti"]
[Result "0-1"]
[Board "16"]
[TimeControl "180+1"]
[BlackFideId "5078776"]
[WhiteElo "2669"]
[BlackElo "2901"]
[BlackTeam "IND"]
[WhiteClock "0:00:09"]
[BlackClock "0:00:23"]

1. d4 Nf6 2. c4 g6 3. Nf3 Bg7 4. g3 c6 5. Bg2 d5 6. cxd5 cxd5 7. O-O O-O 8. Nc3 Ne4 9. Nxe4 dxe4 10. Ne5 Qd5 11. Be3 Nc6 12. Nxc6 bxc6 13. Qa4 Bf5 14. Rac1 Rfd8 15. Rc5 Qd7 16. Qxc6 Qxc6 17. Rxc6 Bxd4 18. Bxd4 Rxd4 19. Rc7 Kf8 20. e3 Rd2 21. Rb1 Rb8 22. Rxa7 Rbxb2 23. Ra1 Rxf2 24. Bh1 Rxh2 25. a4 Rhe2 26. g4 Bxg4 27. Bxe4 Rxe3 28. Bc6 Rg3+ 29. Kh1 Bf3+ 30. Bxf3 Rxf3 31. a5 Rff2 32. a6 Rh2+ 33. Kg1 Rbg2+ 34. Kf1 Rh1+ 35. Kxg2 Rxa1 36. Kf3 h5 37. Kf4 Ra5 38. Kg3 g5 39. Kf3 Ra3+ 40. Ke4 h4 41. Kf5 h3 42. Kxg5 h2 43. Ra8+ Kg7 44. a7 h1=Q 45. Rg8+ Kxg8 46. a8=Q+ Rxa8 0-1

[Event "December 12 Early 2023"]
[Site "https://www.chess.com"]
[Date "2023.12.12"]
[Round "9"]
[White "Rasulov, Vugar"]
[Black "Kokoszczynski, Jan"]
[Result "1-0"]
[Board "17"]
[TimeControl "180+1"]
[WhiteFideId "13402390"]
[BlackFideId "1174460"]
[WhiteElo "2900"]
[BlackElo "2654"]
[WhiteTeam "AZE"]
[BlackTeam "POL"]
[WhiteClock "0:00:19"]
[BlackClock "0:00:01"]

1. Nf3 Nf6 2. b3 d5 3. Bb2 Bg4 4. g3 Nbd7 5. Bg2 c6 6. h3 Bh5 7. c4 e6 8. O-O Bd6 9. d3 O-O 10. Nbd2 Re8 11. Qc2 a5 12. e4 dxe4 13. Nxe4 Nxe4 14. dxe4 Bxf3 15. Bxf3 Be5 16. Rad1 Bxb2 17. Qxb2 Qe7 18. Bg2 e5 19. Rd2 Nc5 20. Rfd1 f6 21. h4 Ne6 22. Rd7 Qb4 23. a3 Qb6 24. b4 axb4 25. Qxb4 Qxb4 26. axb4 Red8 27. R1d6 Rxd7 28. Rxd7 b5 29. Bf1 Nd4 30. Rb7 Ra4 31. cxb5 cxb5 32. Bxb5 Ra1+ 33. Kg2 h5 34. Bc4+ Kh7 35. Bf7 Kh6 36. Rb8 g5 37. hxg5+ fxg5 38. Rb6+ Kg7 39. Bxh5 Rb1 40. Rg6+ Kh7 41. Rxg5 Rxb4 42. Rxe5 Kg7 43. Rd5 Ne6 44. Bg4 Nf8 45. Bf5 Rb3 46. f4 Rb2+ 47. Kh3 Rb6 48. e5 Rh6+ 49. Kg4 Rb6 50. Ra5 Rb3 51. Ra7+ Kg8 52. Re7 Re3 53. Be6+ Kh8 54. Bf7 Nh7 55. Kf5 Rxg3 56. Re8+ Nf8 57. Rxf8+ Kh7 58. Bg6+ Kh6 59. Rh8+ Kg7 60. Rh7+ Kg8 61. e6 Rc3 62. Rd7 Rc5+ 63. Kf6 Rc8 64. f5 Kh8 65. Kg5 Rf8 66. e7 Rg8 67. e8=Q Rf8 68. Qxf8# 1-0

[Event "December 12 Early 2023"]
[Site "https://www.chess.com"]
[Date "2023.12.12"]
[Round "9"]
[White "Manukyan, Sargis A."]
[Black "Galchenko, Matvey"]
[Result "0-1"]
[Board "18"]
[TimeControl "180+1"]
[WhiteFideId "13303970"]
[BlackFideId "24175480"]
[WhiteElo "2652"]
[BlackElo "2889"]
[WhiteTeam "ARM"]
[BlackTeam "FID"]
[WhiteClock "0:00:08"]
[BlackClock "0:00:38"]

1. d4 Nf6 2. c4 c5 3. d5 e6 4. Nc3 exd5 5. cxd5 d6 6. Nf3 g6 7. Bf4 Bg7 8. h3 O-O 9. e3 Na6 10. Be2 Nc7 11. a4 b6 12. O-O a6 13. e4 Re8 14. Nd2 Rb8 15. Nc4 Nxe4 16. Nxe4 Rxe4 17. Bxd6 Rd4 18. Bxc7 Qxc7 19. d6 Qd8 20. Qc2 Bf5 21. Qc1 Be6 22. Rd1 b5 23. axb5 axb5 24. Na3 Rxd1+ 25. Bxd1 Qxd6 26. Be2 c4 27. Nc2 Qe5 28. Qd1 Qxb2 29. Rb1 Qc3 30. Ne3 Qe5 31. Ng4 Qc5 32. Ne3 b4 33. Qc1 c3 34. Bg4 f5 35. Be2 b3 36. Bd3 Rd8 37. Qf1 f4 38. Nc4 Rxd3 39. Qxd3 Qxc4 40. Qd8+ Bf8 41. Qf6 c2 42. Re1 c1=Q 43. Rxc1 Qxc1+ 44. Kh2 Qc4 45. h4 f3 46. g4 Bd6+ 47. Kh1 Qc1# 0-1

[Event "December 12 Early 2023"]
[Site "https://www.chess.com"]
[Date "2023.12.12"]
[Round "9"]
[White "Demchenko, Anton"]
[Black "Sahib Singh"]
[Result "1-0"]
[Board "19"]
[TimeControl "180+1"]
[WhiteFideId "4160258"]
[BlackFideId "25618342"]
[WhiteElo "2887"]
[BlackElo "2646"]
[WhiteTeam "SLO"]
[BlackTeam "IND"]
[WhiteClock "0:01:07"]
[BlackClock "0:02:00"]

1. e4 e6 2. d4 d5 3. Nd2 c5 4. Ngf3 cxd4 5. exd5 Qxd5 6. Bc4 Qd6 7. O-O Nf6 8. Nb3 Nc6 9. Nbxd4 Nxd4 10. Nxd4 a6 11. Bb3 Qc7 12. Bg5 Bd7 13. Re1 O-O-O 14. Qf3 Bd6 15. Re3 Kb8 16. h3 Be5 17. Rxe5 Ba4 18. c3 1-0

[Event "December 12 Early 2023"]
[Site "https://www.chess.com"]
[Date "2023.12.12"]
[Round "9"]
[White "Klymchuk, Andriy"]
[Black "Vlassov, Nikolai"]
[Result "1-0"]
[Board "20"]
[TimeControl "180+1"]
[WhiteFideId "14140063"]
[BlackFideId "4103360"]
[WhiteElo "2849"]
[BlackElo "2635"]
[WhiteTeam "UKR"]
[BlackTeam "FID"]
[WhiteClock "0:00:19"]
[BlackClock "0:00:14"]

1. e4 Nc6 2. Nf3 d5 3. exd5 Qxd5 4. d4 Bg4 5. Be2 O-O-O 6. Be3 Nf6 7. Nbd2 e5 8. c4 Qa5 9. d5 Bxf3 10. Bxf3 Nd4 11. O-O Bc5 12. Nb3 Qb6 13. Bxd4 Bxd4 14. Qc2 Rhe8 15. c5 Qb4 16. a3 Qa4 17. Nxd4 Qxd4 18. Rfd1 Qf4 19. c6 e4 20. Qb3 b6 21. Qc4 Rd6 22. Be2 Re5 23. Qa6+ Kd8 24. Qxa7 Nxd5 25. g3 Qf5 26. Rd4 Ke7 27. Rxd5 Rexd5 28. Qxc7+ Kf6 29. Qxb6 Rc5 30. b4 Rcxc6 31. Qe3 Rc2 32. Rd1 Rxd1+ 33. Bxd1 Ra2 34. Bb3 Rxa3 35. Qb6+ Kg5 36. h4+ Kg4 37. Bd1+ Kh3 38. Qd4 Rd3 39. Qa1 Qd5 40. Be2 Qd4 41. Qf1# 1-0

[Event "December 12 Early 2023"]
[Site "https://www.chess.com"]
[Date "2023.12.12"]
[Round "9"]
[White "Materia, Marco"]
[Black "Zeneli, Klendi"]
[Result "1-0"]
[Board "21"]
[TimeControl "180+1"]
[WhiteFideId "45150451"]
[BlackFideId "4706609"]
[WhiteElo "2842"]
[BlackElo "2408"]
[WhiteTeam "FRA"]
[BlackTeam "ALB"]
[WhiteClock "0:01:37"]
[BlackClock "0:00:58"]

1. Nf3 d5 2. e3 Nf6 3. c4 c6 4. b3 g6 5. Bb2 Bg7 6. Be2 O-O 7. O-O Nbd7 8. d4 Ne4 9. Nc3 Nxc3 10. Bxc3 Nf6 11. Rc1 Ne4 12. Bb2 a5 13. Nd2 Bf5 14. cxd5 cxd5 15. Nxe4 Bxe4 16. Ba3 a4 17. bxa4 Bf6 18. Qb3 Qa5 19. Bb5 Rfc8 20. Bb4 Qb6 21. Bc5 Qa5 22. Bd7 Rd8 23. Bb6 Qd2 24. Bxd8 Rxd8 25. Qxb7 Bh4 26. Rc8 Rxc8 27. Qxc8+ Kg7 28. Bb5 Bd3 29. Bxd3 Qxd3 30. g3 Bf6 31. a5 Qa3 32. a6 Qxa2 33. Qb7 e5 34. dxe5 Bxe5 35. a7 1-0

[Event "December 12 Early 2023"]
[Site "https://www.chess.com"]
[Date "2023.12.12"]
[Round "9"]
[White "Gormally, Daniel W"]
[Black "Bortnyk, Olexandr"]
[Result "0-1"]
[Board "22"]
[TimeControl "180+1"]
[WhiteFideId "406465"]
[BlackFideId "14120828"]
[WhiteElo "2766"]
[BlackElo "2995"]
[WhiteTeam "ENG"]
[BlackTeam "UKR"]
[WhiteClock "0:00:00"]
[BlackClock "0:02:13"]

1. d4 d6 2. e4 Nf6 3. Nc3 Nbd7 4. Nf3 e5 5. Bc4 Be7 6. O-O c6 7. a4 O-O 8. Qe2 Qc7 9. Rd1 a5 10. dxe5 dxe5 11. Bg5 Nc5 12. Bh4 Nh5 13. Bg3 Nxg3 14. hxg3 Bg4 15. Qe3 Ne6 16. Rd2 Bxf3 17. Qxf3 Nd4 18. Qg4 Rad8 19. Rad1 Qb6 20. b3 Bb4 21. Rd3 Qc5 22. Ne2 b5 23. axb5 cxb5 24. Bd5 Rxd5 25. exd5 f5 26. Qh5 g6 27. Nxd4 gxh5 28. Ne6 Qxc2 29. Nxf8 e4 30. Rd4 Kxf8 31. d6 Ke8 32. d7+ Kd8 33. Rd5 Qxb3 34. Kh2 a4 35. R1d4 Bc3 36. Rd1 a3 0-1

[Event "December 12 Early 2023"]
[Site "https://www.chess.com"]
[Date "2023.12.12"]
[Round "9"]
[White "Durarbayli, Vasif"]
[Black "Rychkov, Oleg"]
[Result "1-0"]
[Board "23"]
[TimeControl "180+1"]
[WhiteFideId "13402935"]
[BlackFideId "4122852"]
[WhiteElo "2901"]
[BlackElo "2749"]
[WhiteTeam "AZE"]
[BlackTeam "RUS"]
[WhiteClock "0:02:04"]
[BlackClock "0:00:59"]

1. c4 Nf6 2. g3 c5 3. Bg2 d5 4. cxd5 Nxd5 5. Nc3 Nc7 6. d3 e5 7. Be3 Nc6 8. Bxc6+ bxc6 9. Nf3 f6 10. O-O Bh3 11. Re1 Qd7 12. Rc1 g5 13. Ne4 Be7 14. Bxc5 g4 15. Bxe7 Qxe7 16. Nh4 O-O 17. Qb3+ Kh8 18. Rxc6 f5 19. Nd6 Qd7 20. Rec1 Ne8 21. Qd5 Rf6 22. Qxe5 Kg8 23. Nhxf5 1-0